Map: Dusk Towers

Players

RoroNoaZoro (JimRising)

  • Race: Zerg Zerg
  • League: Grandmaster

llllllIIlll (Nina) - Winner!

  • Race: Protoss Protoss
  • League: Master

Event: The PiG Daily 31

VOD

https://www.youtube.com/watch?v=eu9EARwl8B8

Description

Time

  • Played on: June 19, 2016, 11:41 p.m.
  • Length: 6:16

All games in this series

Show
View Real Time Build Order
Export as new Build Order

RoroNoaZoro Zerg 

Build Orders: Hatch First 

Get SALT Encoding   

  12  0:01  Drone  
  13  0:12  Overlord  
  13  0:17  Drone  
  14  0:31  Drone x2  
  16  0:35  Drone  
  17  0:53  Hatchery  
  17  0:56  Drone  
  17  0:57  Drone  
  18  1:07  Drone  
  19  1:15  Extractor  
  18  1:20  Drone  
  18  1:21  Spawning Pool  
  18  1:28  Drone  
  19  1:39  Overlord  
  19  1:50  Drone  
  21  2:01  Drone  
  21  2:02  Hatchery  
  20  2:08  Queen  
  20  2:10  Drone  
  20  2:13  Drone  
  24  2:16  Drone  
  24  2:22  Drone  
  26  2:27  Drone  
  27  2:31  Queen  
  27  2:34  Drone  
  30  2:39  Metabolic Boost  
  30  2:41  Drone  
  30  2:43  Drone  
  32  2:48  Overlord  
  32  2:54  Queen  
  34  2:58  Overlord  
  34  3:03  Drone  
  35  3:06  Zergling x2  
  35  3:10  Zergling x2  
  37  3:16  Spore Crawler  
  34  3:24  Spore Crawler  
  34  3:30  Drone x3  
  34  3:33  Drone  
  34  3:34  Drone x4  
  40  3:36  Drone  
  40  3:39  Queen  
  45  3:42  Drone  
  45  3:46  Pneumatized Carapace  
  46  3:51  Baneling Nest  
  46  3:52  Extractor  
  46  3:53  Drone  
  45  3:56  Drone x2  
  48  4:02  Drone  
  48  4:03  Drone x3  
  48  4:09  Zergling x6  
  55  4:10  Zergling x2  
  55  4:15  Lair  
  55  4:22  Drone x2  
  55  4:23  Drone, Overlord  
  58  4:25  Overlord  
  58  4:33  Extractor, Drone  
  58  4:34  Overlord  
  58  4:41  Overlord  
  58  4:43  Drone x4  
  58  4:45  Drone x3  
  64  4:46  Drone  
  66  4:55  Drone  
  66  4:56  Drone  
  66  4:58  Evolution Chamber  
  66  4:59  Drone x3  
  70  5:00  Extractor  
  70  5:03  Drone x4  
  70  5:06  Extractor x2  
  71  5:07  Drone x3  
  71  5:10  Baneling x4  
  71  5:11  Baneling  
  74  5:17  Drone  
  74  5:19  Hydralisk Den  
  74  5:22  Drone x3  
  74  5:23  Drone x3  
  74  5:24  Drone  
  80  5:41  Zergling x2  
  80  5:42  Zergling x12  
  83  5:43  Zergling x2  
  84  5:51  Hydralisk x3  
  84  5:56  Hatchery, Overseer  
  89  5:57  Overlord  
  89  6:01  Baneling x5  
  89  6:02  Baneling  
Show
View Real Time Build Order
Export as new Build Order

llllllIIlll Protoss - Winner!

Build Orders: Aggressive Blink-Prism, 1 Gate Expand 

Get SALT Encoding   

  12  0:02  Probe (Chrono Boost)  
  13  0:12  Probe (Chrono Boost)  
  14  0:21  Pylon  
  14  0:24  Probe (Chrono Boost)  
  15  0:39  Probe (Chrono Boost), Gateway  
  17  0:50  Probe (Chrono Boost)  
  17  0:51  Assimilator  
  17  1:00  Probe (Chrono Boost)  
  19  1:11  Probe (Chrono Boost)  
  19  1:22  Nexus  
  19  1:24  Probe (Chrono Boost)  
  20  1:32  Cybernetics Core  
  20  1:37  Probe (Chrono Boost)  
  21  1:41  Assimilator  
  21  1:47  Probe (Chrono Boost)  
  21  1:51  Pylon  
  22  1:59  Probe (Chrono Boost)  
  23  2:09  Warp Gate, Adept  
  23  2:10  Probe (Chrono Boost)  
  26  2:30  Probe (Chrono Boost)  
  26  2:32  Twilight Council  
  26  2:35  Probe (Chrono Boost)  
  26  2:36  Adept  
  30  2:41  Probe (Chrono Boost)  
  31  2:45  Probe (Chrono Boost)  
  32  2:51  Probe (Chrono Boost)  
  32  2:52  Robotics Facility  
  32  2:56  Probe (Chrono Boost)  
  34  3:02  Probe (Chrono Boost)  
  35  3:06  Probe (Chrono Boost), Adept  
  35  3:12  Probe (Chrono Boost)  
  39  3:17  Probe (Chrono Boost)  
  40  3:26  Probe (Chrono Boost)  
  41  3:27  Resonating Glaives (Chrono Boost)  
  42  3:36  Probe  
  42  3:37  Probe  
  41  3:44  Nexus  
  41  3:47  Pylon  
  41  3:49  Probe (Chrono Boost), Mothership Core (Chrono Boost)  
  41  3:52  Observer  
  41  3:54  Gateway  
  45  4:00  Gateway  
  45  4:02  Probe (Chrono Boost)  
  46  4:04  Gateway  
  46  4:08  Probe (Chrono Boost)  
  47  4:14  Probe (Chrono Boost)  
  47  4:16  Warp Prism (Chrono Boost)  
  50  4:19  Probe (Chrono Boost)  
  50  4:20  Pylon  
  51  4:24  Probe, Gateway  
  51  4:29  Gateway  
  53  4:31  Probe  
  53  4:36  Probe  
  53  4:37  Assimilator  
  54  4:38  Assimilator  
  54  4:42  Pylon  
  54  4:43  Probe  
  55  4:49  Probe  
  57  4:52  Adept  
  57  4:56  Adept  
  57  4:58  Immortal (Chrono Boost)  
  57  4:59  Probe  
  65  5:03  Probe  
  65  5:05  Probe  
  67  5:11  Probe  
  68  5:15  Probe x2  
  68  5:20  Sentry x2  
  74  5:23  Probe  
  74  5:26  Pylon  
  74  5:27  Probe  
  76  5:28  Pylon  
  76  5:32  Immortal (Chrono Boost)  
  80  5:39  Probe  
  77  5:48  Adept  
  77  5:49  Adept x5  
  89  5:51  Probe x2  
  89  5:52  Probe  
  89  5:54  Pylon  
  92  6:03  Probe  
  92  6:13  Adept x4  
  92  6:14  Adept x2  
Tags
 
Add a new tag
Caveats
  • Supply blocks, unpowered buildings, or Contaminate may cause inaccurate times.
  • Supply counts are checked every 10 seconds.